 Dungeon Sprint DCSS version 0.18-a0-1677-g2bdad6c (webtiles) character file.

21 pipel the Chopper (level 2, -5/39 HPs)
             Began as a Minotaur Gladiator on Apr 2, 2016.
             Was an Initiate of Okawaru.
             Slain by a warg (11 damage)
             ... in the Dungeon (Sprint VII: "The Pits").
             The game lasted 00:00:49 (89 turns).

pipel the Chopper (Minotaur Gladiator)                Turns: 89, Time: 00:00:50

Health: -5/39      AC:  3    Str: 24    XL:     2   Next: 62%
Magic:  1/1        EV: 13    Int:  5    God:    Okawaru [......]
Gold:   0          SH:  0    Dex: 10    Spells: 0 memorised, 1 level left

rFire  . . .     SeeInvis .     a - +0 war axe
rCold  . . .     Gourm    .     b - +0 leather armour
rNeg   . . .     Faith    .     (no shield)
rPois  .         Spirit   .     c - +0 hat
rElec  .         Dismiss  .     (no cloak)
rCorr  .         Reflect  .     (no gloves)
SustAt .         Harm     .     (no boots)
MR     .....     NoTele   +     (no amulet)
Stlth  ..........               (no ring)
                                (no ring)

@: berserking, very quick, not resistant to hostile enchantments, extremely
unstealthy
A: retaliatory headbutt, horns 2
a: Renounce Religion


You were in the Dungeon.
You worshipped Okawaru.
Okawaru was noncommittal.
You were not hungry.

You visited 1 branch

Inventory:

Hand Weapons
 a - a +0 war axe (weapon)
Missiles
 d - 3 throwing nets (quivered)
 o - 10 stones
Armour
 b - a +0 leather armour (worn)
 c - a +0 hat (worn)
Magical Staves
 p - an uncursed staff of energy
Scrolls
 k - a scroll of blinking
 q - 3 scrolls of remove curse
 r - 5 scrolls of amnesia
 s - a scroll of summoning
 t - 2 scrolls of vulnerability
Potions
 e - a potion of curing
 g - a potion of heal wounds
 h - a potion of haste
 i - 4 potions of magic
 j - 2 potions of berserk rage
 n - 2 potions of invisibility
Comestibles
 f - 8 bread rations
 l - 40 fruits
 m - 7 meat rations


   Skills:
 + Level 3.4 Fighting
 + Level 5.2 Axes
 + Level 2.3 Throwing
 + Level 0.5 Armour
 + Level 5.0 Dodging


You had one spell level left.
You didn't know any spells.

Dungeon Overview and Level Annotations

Branches:
Dungeon (1/1)

Altars:
Ashenzari
Cheibriados
Dithmenos
Elyvilon
Fedhas
Gozag
Kikubaaqudgha
Makhleb
Nemelex Xobeh
Okawaru
Pakellas
Qazlal
Ru
Sif Muna
Trog
Vehumet
Xom
Yredelemnul
Zin
The Shining One
Beogh
Jiyva
Lugonu


Innate Abilities, Weirdness & Mutations

You reflexively headbutt those who attack you in melee.
You have a pair of horns on your head.


Message History

You hit the jackal skeleton. The jackal skeleton bites you.
The jackal skeleton completely misses you.
You furiously retaliate!
You headbutt the jackal skeleton.
You destroy the jackal skeleton!
Okawaru accepts your kill.
You take 1 damage, and have 11/26 hp.
Drink which item? (? for menu, Esc to quit)
A red film seems to cover your vision as you go berserk!
You feel yourself moving faster!
You feel mighty! The warg bites you.
You now have 15/39 hp.
You barely miss the warg. The warg closely misses you.
You barely miss the warg. You headbutt the warg.
The warg is lightly wounded.
The warg bites you!
* * * LOW HITPOINT WARNING * * *
You take 10 damage, and have 5/39 hp.
MASSIVE DAMAGE!!
You closely miss the warg.
The warg is lightly wounded.
The warg bites you!
You die...

#_#####'##############
#_#)))'.'..##.........
#_#)))#.#..##......#..
#######'#####.........
#...........'.........
#+#####'#####......#..
#.†.#.# #.........
#...#.# ####'#####
#..@'.# #.......#
##h#### #.......#
#...r.# #.......#
#.....# #...<...#
#...Z.h. #.......#
#........##.......#
###########.......#
#########


You could see a warg.

Vanquished Creatures
  A giant eyeball (D)
  An ufetubus (D)
  An ooze (D)
  A bat zombie (D)
  A quokka (D)
  A bat (D)
  A jackal skeleton (D)
  A rat (D)
8 creatures vanquished.

Notes
Turn   | Place    | Note
--------------------------------------------------------------
     0 | D        | pipel the Minotaur Gladiator began the quest for the Orb.
     0 | D        | Reached XP level 1. HP: 18/18 MP: 0/0
    21 | D        | Found a sacrificial altar of Ru.
    21 | D        | Found a basalt altar of Yredelemnul.
    21 | D        | Found a glowing golden altar of the Shining One.
    21 | D        | Found a deep blue altar of Sif Muna.
    21 | D        | Found a burning altar of Makhleb.
    21 | D        | Found an ancient bone altar of Kikubaaqudgha.
    21 | D        | Found a glowing silver altar of Zin.
    22 | D        | Found a shadowy altar of Dithmenos.
    22 | D        | Found a bloodstained altar of Trog.
    22 | D        | Found a shattered altar of Ashenzari.
    22 | D        | Found a white marble altar of Elyvilon.
    22 | D        | Found a snail-covered altar of Cheibriados.
    22 | D        | Found a blossoming altar of Fedhas.
    22 | D        | Found a radiant altar of Vehumet.
    22 | D        | Found a shimmering altar of Xom.
    22 | D        | Found a sparkling altar of Nemelex Xobeh.
    22 | D        | Found a corrupted altar of Lugonu.
    22 | D        | Found a viscous altar of Jiyva.
    22 | D        | Found a roughly hewn altar of Beogh.
    22 | D        | Found an iron altar of Okawaru.
    23 | D        | Found an oddly glowing altar of Pakellas.
    26 | D        | Found a stormy altar of Qazlal.
    27 | D        | Found an opulent altar of Gozag.
    29 | D        | Became a worshipper of Warmaster Okawaru
    53 | D        | Paralysed by a giant eyeball for 3 turns
    58 | D        | Reached XP level 2. HP: 21/26 MP: 1/1
    65 | D        | Reached skill level 5 in Axes
    77 | D        | Noticed a warg
    83 | D        | Reached skill level 5 in Dodging
    89 | D        | Slain by a warg

Vault maps used:
D:        pitsprint

Skill      XL: |  1  2 |
---------------+-------+-----
Axes           | 4 5 |  5.2
Dodging        | 4 5 |  5.0
Fighting       | 3 |  3.4
Throwing       | |  2.3
Armour         | |  0.5

Action                   || total
-------------------------++-------
Melee: War axe           ||    23
  Use: Potion            ||     1
